M1918 Browning Automatic Rifles
Construct Medical Station
Selects Advanced Infantry Battlegroup
Selects Convert to Ranger Squad
Selects Frontline Medical Station
Frontline Medical Station
Selects Ranger Weapon Training
Frontline Medical Station
M4(105) Sherman Bulldozer
M18 Hellcat Tank Destroyer
Selects Artillery Observers
Selects M2A1 105mm Howitzer Emplacement
Selects 155mm Rapid Artillery Barrage
155mm Rapid Artillery Barrage
M18 Hellcat Tank Destroyer
Advanced Air Reconnaissance
Grasshopper High-Altitude Recon Run